 Dungeon Crawl Stone Soup version 0.27-a0-1219-g958d993ae5 (webtiles) character file.

Game seed: 9323061981929747509

42 polve the Cutter (level 3, -1/29 HPs)
             Began as a Demonspawn Abyssal Knight on June 6, 2021.
             Was a Follower of Lugonu.
             Slain by a hobgoblin (3 damage)
             ... on level 2 of the Dungeon.
             The game lasted 00:00:58 (1680 turns).

polve the Cutter (Demonspawn Abyssal Knight)        Turns: 1680, Time: 00:00:59

Health: -1/29      AC:  3    Str: 13    XL:     3   Next: 33%
Magic:  4/4        EV: 11    Int: 13    God:    Lugonu [*.....]
Gold:   80         SH:  0    Dex: 12    Spells: 2/2 levels left

rFire    . . .     SeeInvis .   a - +1 short sword
rCold    . . .     Faith    .   (no shield)
rNeg     . . .     Spirit   .   b - +0 leather armour
rPois    .         Reflect  .   (no helmet)
rElec    .         Harm     .   (no cloak)
rCorr    .         Rampage  .   (no gloves)
Will     .....                  (no boots)
Stlth    +.........             (no amulet)
HPRegen  0.09/turn              (no ring)
MPRegen  0.09/turn              (no ring)

@: no status effects
A: claws 1
a: Renounce Religion, Depart the Abyss


You were on level 2 of the Dungeon.
You worshipped Lugonu.
Lugonu was aware of your devotion.
You visited 1 branch of the dungeon, and saw 2 of its levels.
You visited the Abyss 1 time.

You collected 80 gold pieces.

Inventory:

Hand Weapons
 a - a +1 short sword (weapon)
Armour
 b - a +0 leather armour (worn)
 d - a +0 pair of gloves
 f - a +0 helmet
Scrolls
 c - a scroll of summoning {unknown}
 g - 3 scrolls of noise {unknown}
 i - a scroll of identify {unknown}
Potions
 e - a potion of curing {unknown}
 h - a potion of ambrosia {unknown}
 j - 2 potions of lignification {unknown}


   Skills:
 - Level 3.0 Fighting
 + Level 3.4 Short Blades
 - Level 1.7 Armour
 - Level 0.8 Dodging
 - Level 2.4 Invocations


You had 2 spell levels left.
You didn't know any spells.
Your spell library contained the following spells:

 Spells                   Type           Power      Damage    Failure   Level
 Animate Skeleton         Necr           0%         N/A       36%         1
 Pain                     Necr           0%         1d4       36%         1
 Vampiric Draining        Necr           0%         2d6       75%         3
 Animate Dead             Necr           0%         N/A       98%         4
 Agony                    Necr           0%         N/A       100%        5


Dungeon Overview and Level Annotations

Branches:
Dungeon (2/15)

Altars:


Innate Abilities, Weirdness & Mutations

You have sharp fingernails.


Message History

You completely miss the ufetubus.
The ufetubus is heavily wounded.
The ufetubus hits you.
The ufetubus hits you but does no damage.
You closely miss the ufetubus.
The ufetubus is heavily wounded.
The ufetubus hits you. The ufetubus misses you.
The ufetubus closely misses you.
The ufetubus hits you but does no damage.
You closely miss the ufetubus.
The ufetubus is heavily wounded.
The ufetubus hits you but does no damage.
The ufetubus hits you. The hobgoblin closely misses you.
You barely miss the ufetubus.
The ufetubus is heavily wounded.
The ufetubus hits you. x2; The hobgoblin hits you.
The ufetubus hits you but does no damage.
The ufetubus closely misses you.
You hit the ufetubus.
The ufetubus is almost dead.
The ufetubus completely misses you. The ufetubus hits you.
* * * LOW HITPOINT WARNING * * *
The hobgoblin hits you but does no damage.
You closely miss the ufetubus.
The ufetubus is almost dead.
The ufetubus hits you but does no damage.
The ufetubus closely misses you.
The hobgoblin hits you but does no damage.
You hit the hobgoblin but do no damage. The ufetubus closely misses you.
The ufetubus hits you.
* * * LOW HITPOINT WARNING * * *
The ufetubus hits you.
* * * LOW HITPOINT WARNING * * *
The ufetubus barely misses you. The hobgoblin closely misses you.
You completely miss the ufetubus.
The ufetubus is almost dead.
The ufetubus misses you. The ufetubus hits you.
* * * LOW HITPOINT WARNING * * *
The hobgoblin hits you.
You die...

###........ ..........
.......... ##.........
.......... .........
#5g.# ..# #@..# #.#
#...# #.# #...# #.# #.#
#...# #.# #.#
#####...###'## #.#
#............# #.#
######............## #.#
#..................# #.#
#..................###.#


You could see an ufetubus and a hobgoblin.

Vanquished Creatures
  An adder (D:2)
  A dart slug (D:1)
  2 ball pythons (D:1)
  3 endoplasms (D:1)
  A giant cockroach (D:1)
  A goblin (D:1)
  5 hobgoblins
  3 jackals (D:1)
  4 kobolds (D:1)
  4 bats (D:1)
  A frilled lizard (D:1)
  A rat (D:1)
27 creatures vanquished.

Vanquished Creatures (others)
  4 plants (D:1)
4 creatures vanquished.

Grand Total: 31 creatures vanquished

Notes
Turn   | Place    | Note
-------+----------+-------------------------------------------
     0 | Abyss:1  | polve the Demonspawn Abyssal Knight began the quest for the
                  | Orb.
     0 | Abyss:1  | Reached XP level 1. HP: 18/18 MP: 2/2
   113 | Abyss:1  | Noticed a raiju
   127 | Abyss:1  | Found a corrupted altar of Lugonu.
   209 | Abyss:1  | Noticed a ynoxinul
   211 | Abyss:1  | Noticed a sixfirhy
   218 | Abyss:1  | Noticed a wretched star
   220 | D:1      | Escaped the Abyss
   302 | D:1      | Reached * piety under Lugonu
   359 | D:1      | Gained mutation: You have sharp fingernails. [demonic
                  | ancestry]
   359 | D:1      | Reached XP level 2. HP: 14/24 MP: 3/3
   675 | D:1      | Found a faded altar of an unknown god.
  1067 | D:1      | Reached XP level 3. HP: 29/29 MP: 4/4
  1680 | D:2      | Slain by a hobgoblin

Illustrated notes

Levels and vault maps discovered:
D:1:      ncdulo_lavacross, layout_loops_ring,
          hellmonk_ecumenical_altar_prayer_group, serial_forest,
          infiniplex_forest_corner_2, infiniplex_forest_clump_long,
          infiniplex_forest_zigzag_1, infiniplex_forest_clump_double,
          infiniplex_forest_lined_2, infiniplex_forest_pool
D:2:      minmay_thinvault, layout_basic

Skill      XL: |  1  2 |
---------------+-------+-----
Short Blades   | 2 3 |  3.4
Fighting       | |  3.0
Armour         | |  1.7
Dodging        | |  0.8
Invocations    | |  2.4

Action                   || total
-------------------------++-------
Melee: Short sword       ||   103
Invok: Depart the Abyss  ||     1
 Stab: Sleeping          ||     1
Armor: Leather armour    ||    43
Dodge: Dodged            ||    76

Table legend: (Time is in decaauts)
 A = Elapsed time spent in this place.
 B = Non-inter-level travel time spent in this place.
 C = Inter-level travel time spent in this place.
 D = Time resting spent in this place.
 E = Time spent auto-exploring this place.
 F = Levels seen in this place.
 G = Mean time per level.
                   A        B        C        D        E       F      G
               +--------+--------+--------+--------+--------+-----+--------+
         Total |   1674 |   1654 |     20 |      0 |   1399 |   3 |  558.0 |
       Dungeon |   1454 |   1434 |     20 |      0 |   1200 |   2 |  727.0 |
         Abyss |    220 |    220 |      0 |      0 |    199 |   1 |  220.0 |
               +--------+--------+--------+--------+--------+-----+--------+

Top non-repeatable levels by time:
     D:1: 1177 daAuts
     D:2: 277 daAuts
 Abyss:1: 220 daAuts
